Map: [ESL] Inside and Out

Players

Solar - Winner!

  • Race: Zerg Zerg
  • League: Master
  • Spawn Location: 7:00

Spirit (souL)

  • Race: Terran Terran
  • Spawn Location: 1:00

VOD

Have the link to the VOD?

Description

Time

  • Played on: Oct. 23, 2022, 9:11 p.m.
  • Length: 27:17
Show
View Real Time Build Order
Export as new Build Order

Solar Zerg - Winner!

Build Orders: Pool First 

Get SALT Encoding   

  12  0:01  Drone  
  13  0:13  Overlord  
  13  0:17  Drone  
  14  0:32  Drone x2  
  14  0:35  Drone  
  17  0:40  Extractor  
  16  0:47  Spawning Pool  
  15  0:50  Drone  
  15  0:56  Drone  
  17  1:08  Drone  
  18  1:18  Hatchery  
  17  1:33  Queen  
  17  1:34  Zergling x2  
  20  1:42  Drone  
  20  1:44  Metabolic Boost  
  21  1:50  Overlord  
  21  1:54  Zergling x2  
  22  2:09  Zergling x2, Queen  
  22  2:12  Zergling x2  
  27  2:22  Zergling x2  
  27  2:31  Zergling x2  
  27  2:33  Drone  
  29  2:37  Hatchery  
  29  2:41  Drone  
  29  2:44  Drone  
  30  2:52  Queen  
  30  2:58  Overlord  
  32  3:03  Drone  
  32  3:04  Drone  
  33  3:07  Drone  
  33  3:08  Drone  
  35  3:16  Drone  
  35  3:17  Drone x2  
  35  3:19  Drone  
  39  3:24  Drone  
  40  3:29  Overlord  
  40  3:30  Drone x2  
  42  3:40  Overlord  
  42  3:43  Queen, Extractor  
  44  3:49  Drone x3  
  44  3:54  Queen  
  49  3:56  Queen  
  49  3:59  Drone  
  49  4:02  Drone x2  
  54  4:06  Drone x2  
  56  4:10  Overlord  
  56  4:18  Drone x5  
  56  4:23  Drone x4  
  65  4:29  Queen  
  65  4:30  Overlord  
  67  4:33  Drone x2  
  67  4:37  Queen  
  71  4:42  Overlord  
  71  4:43  Drone x2  
  73  4:49  Drone x4  
  77  4:52  Extractor  
  77  4:53  Lair  
  77  4:55  Spore Crawler  
  77  4:57  Spore Crawler  
  77  4:59  Spore Crawler, Drone x2  
  75  5:02  Drone x2  
  75  5:04  Drone x2  
  75  5:05  Drone  
  80  5:07  Drone  
  80  5:11  Overlord  
  80  5:12  Drone x2, Extractor  
  82  5:17  Drone  
  82  5:18  Drone x2  
  82  5:20  Baneling Nest  
  84  5:24  Drone x3  
  87  5:30  Extractor x2  
  87  5:33  Drone x2, Evolution Chamber x2  
  87  5:35  Zergling x2  
  86  5:39  Overlord  
  86  5:41  Hatchery  
  85  5:43  Zergling x6  
  85  5:47  Drone x3  
  85  5:48  Zergling x4  
  93  5:51  Overseer  
  93  5:54  Overlord  
  93  5:58  Zergling x10  
  95  6:08  Drone x2  
  95  6:11  Drone  
  98  6:17  Drone  
  95  6:18  Zergling x10  
  95  6:21  Zerg Ground Armor Level 1, Centrifugal Hooks, Zerg Melee Weapons Level 1  
  95  6:23  Drone x3  
  103  6:31  Overlord  
  103  6:35  Zergling x4  
  103  6:36  Baneling x6  
  103  6:37  Baneling  
  103  6:38  Baneling  
  105  6:41  Overlord  
  105  6:42  Zergling x6  
  105  6:43  Baneling x2  
  108  6:49  Drone  
  108  6:50  Zergling x8  
  113  6:54  Queen  
  113  6:55  Drone x3  
  113  6:57  Baneling x2  
  113  6:59  Drone  
  119  7:05  Overlord  
  119  7:07  Zergling x4  
  121  7:08  Drone  
  121  7:09  Baneling x2  
  121  7:11  Drone  
  123  7:17  Zergling x8, Hydralisk Den  
  123  7:18  Zergling x10  
  123  7:20  Drone  
  132  7:23  Baneling  
  132  7:25  Drone  
  132  7:27  Spore Crawler, Drone x2  
  132  7:28  Extractor  
  132  7:29  Hatchery  
  132  7:34  Drone x3  
  132  7:37  Drone, Hatchery  
  131  7:38  Drone  
  131  7:48  Overlord  
  131  7:49  Zergling x12  
  131  7:50  Zergling x10  
  142  8:01  Grooved Spines  
  142  8:04  Baneling  
  142  8:05  Baneling x8, Overlord x2  
  142  8:07  Hatchery  
  142  8:08  Zergling x10  
  142  8:09  Overlord  
  142  8:10  Drone  
  142  8:11  Drone x3  
  150  8:13  Infestation Pit  
  150  8:17  Overlord  
  150  8:19  Drone, Zerg Ground Armor Level 2  
  149  8:20  Zerg Melee Weapons Level 2  
  149  8:22  Zergling x4  
  149  8:24  Hydralisk  
  149  8:25  Hydralisk  
  155  8:27  Pneumatized Carapace  
  155  8:28  Overseer  
  155  8:30  Drone x2  
  155  8:31  Drone  
  155  8:32  Zergling x6  
  161  8:35  Extractor  
  160  8:43  Baneling x4  
  160  8:44  Zergling x4, Baneling x3  
  160  8:45  Zergling x6  
  161  8:48  Hydralisk x5  
  161  8:51  Zergling x6  
  167  8:57  Zergling x6  
  170  9:03  Baneling x6  
  170  9:08  Zergling x16  
  174  9:11  Zergling x2  
  174  9:12  Zergling x8  
  174  9:13  Muscular Augments  
  174  9:15  Zergling x4  
  181  9:21  Hive  
  161  9:26  Zergling x6  
  161  9:27  Zergling x8  
  161  9:29  Extractor  
  155  9:40  Overseer  
  155  9:42  Hydralisk  
  155  9:43  Zergling x4, Hydralisk  
  155  9:44  Zergling x2  
  161  9:47  Zergling x22  
  161  9:49  Extractor  
  161  9:52  Hatchery  
  170  9:58  Hatchery  
  170  9:59  Drone x4  
  173  10:04  Hydralisk x2  
  173  10:05  Zergling x10  
  182  10:07  Overlord  
  182  10:10  Baneling x5  
  183  10:15  Overlord  
  171  10:23  Baneling x10  
  171  10:26  Zergling x28  
  176  10:35  Viper  
  176  10:36  Viper  
  176  10:38  Baneling x11  
  176  10:39  Zergling x6  
  176  10:40  Zergling x10  
  190  10:45  Zergling x10, Hatchery  
  194  10:51  Adrenal Glands  
  194  10:53  Overlord  
  194  10:57  Zerg Missile Weapons Level 1  
  194  10:58  Overlord  
  194  11:00  Drone x2  
  194  11:01  Zergling x2  
  197  11:10  Zerg Ground Armor Level 3  
  197  11:13  Zergling x10  
  198  11:19  Queen  
  198  11:24  Extractor  
  195  11:26  Baneling  
  195  11:27  Baneling x12  
  195  11:36  Drone  
  195  11:37  Drone  
  195  11:39  Drone x2  
  197  11:41  Spore Crawler  
  197  11:42  Drone  
  197  11:44  Zergling x8  
  197  11:45  Zergling x14  
  200  11:50  Lurker Den  
  199  11:57  Baneling x4  
  199  11:58  Drone  
  198  12:07  Hydralisk x3  
  199  12:14  Hatchery  
  197  12:24  Baneling  
  195  12:38  Zergling x10  
  195  12:39  Hatchery  
  197  12:55  Zerg Melee Weapons Level 3  
  195  13:02  Drone x3  
  195  13:05  Seismic Spines  
  194  13:20  Zergling x12  
  186  13:27  Viper x2  
  186  13:30  Burrow  
  186  13:31  Zergling x32  
  183  13:37  Zergling x6, Overseer  
  173  13:44  Zergling x20  
  173  13:47  Zerg Missile Weapons Level 2  
  181  13:49  Drone x3  
  181  13:50  Drone  
  181  13:51  Zergling x2  
  181  13:53  Overseer  
  181  13:55  Drone  
  187  13:57  Zergling x6, Baneling x4  
  187  13:58  Baneling  
  187  13:59  Nydus Network  
  187  14:00  Zergling x2  
  187  14:01  Zergling x2  
  187  14:02  Adaptive Talons  
  191  14:04  Zergling x8  
  191  14:09  Zergling x4  
  197  14:12  Zergling x6  
  196  14:17  Zergling x12  
  199  14:29  Zergling x2, Baneling x2  
  199  14:30  Zergling x8  
  192  14:31  Hydralisk x5  
  166  14:38  Zergling x2  
  166  14:39  Zergling x14  
  166  14:44  Zergling x20  
  167  14:47  Zergling x2  
  167  14:48  Zergling x4  
  167  14:51  Zergling x2  
  163  14:54  Zergling x6  
  163  14:57  Zergling x10  
  169  15:02  Lurker x4  
  169  15:04  Baneling x2  
  169  15:05  Lurker  
  174  15:07  Hydralisk x2  
  174  15:08  Zergling x8  
  174  15:09  Zergling x14  
  187  15:16  Zergling x10  
  187  15:18  Nydus Canal  
  182  15:24  Zergling x2, Baneling x15  
  182  15:25  Zergling x12  
  189  15:29  Zergling x2  
  189  15:30  Zergling x4  
  192  15:36  Zergling x8  
  192  15:37  Nydus Canal  
  192  15:40  Baneling x2  
  192  15:41  Baneling x13  
  194  15:47  Zergling x12  
  194  15:48  Zergling x12  
  196  15:50  Zergling x8  
  196  15:55  Zergling x4  
  186  16:00  Zergling x8  
  175  16:04  Hatchery  
  175  16:06  Hydralisk x4, Drone x17  
  175  16:08  Zergling x12  
  182  16:11  Zergling x8  
  182  16:15  Zergling x6  
  184  16:21  Zergling x6  
  184  16:23  Hatchery  
  183  16:26  Zergling x6  
  183  16:28  Baneling x11  
  183  16:29  Baneling x5, Overseer x2  
  183  16:31  Zergling x4  
  183  16:32  Nydus Canal  
  188  16:33  Overlord x2  
  188  16:35  Overlord  
  184  16:48  Zergling x12  
  188  16:54  Zergling x24  
  198  17:08  Zergling x18  
  187  17:14  Zergling x20  
  184  17:17  Baneling x2, Overseer  
  184  17:18  Baneling x4  
  184  17:19  Baneling x3  
  183  17:25  Lurker x4  
  183  17:26  Zergling x2  
  183  17:28  Overseer, Overlord  
  188  17:30  Overlord  
  188  17:34  Overlord  
  180  17:40  Baneling x6  
  164  17:47  Zergling x10  
  164  17:50  Zergling x4  
  153  17:55  Zergling x6  
  149  17:59  Zergling x4  
  147  18:16  Hydralisk x2  
  148  18:21  Zergling x22  
  148  18:25  Zergling x2  
  148  18:26  Zergling x6  
  159  18:33  Hydralisk x2  
  163  18:36  Overlord  
  163  18:37  Baneling x4  
  163  18:40  Overlord  
  163  18:44  Zergling x6  
  163  18:46  Zergling x2  
  167  18:49  Baneling x4  
  167  18:50  Zergling x2  
  168  18:56  Zergling x8  
  168  19:00  Zergling x6  
  162  19:04  Zergling x6  
  162  19:08  Zergling x6  
  151  19:10  Zergling x2  
  151  19:11  Zergling x2  
  145  19:18  Zergling x10  
  145  19:22  Hydralisk  
  149  19:24  Zergling x4  
  149  19:27  Zergling x4  
  149  19:30  Baneling x4  
  153  19:32  Zergling x2  
  153  19:37  Baneling x2  
  153  19:38  Baneling x6  
  150  19:41  Baneling x4  
  150  19:43  Zergling x2  
  150  19:45  Zergling x2  
  151  19:48  Zergling x4  
  151  19:50  Zergling x2  
  151  19:51  Zergling x2  
  138  20:00  Zergling x10  
  138  20:03  Zergling x2  
  138  20:04  Zergling x4  
  123  20:07  Zergling x4  
  123  20:10  Baneling x2  
  123  20:11  Zergling x2  
  126  20:14  Zergling x2  
  126  20:15  Zergling x2  
  126  20:16  Overseer  
  126  20:19  Zergling x2  
  126  20:20  Zergling x2  
  124  20:26  Hydralisk x2  
  122  20:30  Baneling x5  
  122  20:34  Lurker  
  120  20:36  Baneling x5  
  120  20:42  Baneling x5  
  114  20:47  Zergling x4  
  114  20:48  Zergling x2  
  117  20:50  Zergling x2  
  117  20:52  Lurker  
  119  20:57  Hydralisk  
  119  21:01  Zergling x4  
  123  21:05  Lurker  
  117  21:14  Zergling x4  
  117  21:15  Zergling x6  
  113  21:19  Baneling  
  113  21:20  Baneling  
  113  21:23  Zergling x8  
  95  21:47  Hatchery  
  95  21:48  Zergling x4  
  95  21:52  Baneling x4  
  96  21:57  Zergling x2  
  92  22:08  Hydralisk  
  92  22:15  Hydralisk  
  94  22:24  Zergling x2  
  94  22:29  Baneling  
  91  22:40  Zergling x4  
  83  22:45  Zergling x2  
  83  22:55  Baneling x2  
  71  23:10  Zergling x2  
  70  23:16  Lurker  
  68  23:20  Zergling x2  
  68  23:27  Zergling x4  
  62  23:59  Hatchery  
  62  24:01  Baneling x3  
  61  24:06  Zergling x2  
  62  24:14  Zergling x2  
  63  24:20  Hydralisk  
  64  24:30  Zergling x4  
  66  24:42  Hydralisk  
  66  24:44  Baneling  
  68  24:51  Lurker  
  69  24:55  Baneling x2  
  67  25:02  Hydralisk  
  67  25:03  Zergling x2  
  67  25:05  Zergling x2  
  67  25:14  Lurker  
  65  25:18  Hydralisk  
  67  25:24  Hydralisk  
  69  25:30  Lurker, Hydralisk  
  69  25:33  Zergling x2  
  72  25:36  Zergling x2  
  72  25:37  Zergling x2  
  72  25:42  Hydralisk x2  
  71  25:47  Zergling x2  
  71  25:48  Zergling x4  
  78  25:50  Lurker  
  78  25:53  Lurker  
  78  25:56  Lurker  
  81  25:59  Zergling x6  
  81  26:03  Baneling x3  
  83  26:04  Zergling x2  
  83  26:05  Zergling x2  
  82  26:15  Zergling x10  
  81  26:19  Hydralisk  
  81  26:22  Zergling x2  
  81  26:23  Zergling x2  
  85  26:25  Zergling x2  
  85  26:26  Zergling x2  
  85  26:28  Baneling x2  
  87  26:33  Zergling x4  
  87  26:34  Zergling x2  
  87  26:38  Hydralisk  
  92  26:43  Hydralisk  
  92  26:46  Zergling x4  
  96  26:48  Zergling x2  
  96  26:51  Zergling x2  
  96  26:52  Overseer  
  98  26:55  Baneling x2  
Show
View Real Time Build Order
Export as new Build Order

Spirit Terran 

Build Orders: Command Center First (CC), Hellion Banshee 

Get SALT Encoding   

  12  0:00  SCV  
  13  0:12  SCV  
  14  0:17  Supply Depot  
  14  0:24  SCV  
  15  0:39  SCV  
  16  0:51  SCV  
  17  1:00  Command Center  
  17  1:03  SCV  
  18  1:12  Barracks  
  18  1:16  SCV  
  19  1:21  Refinery  
  19  1:28  SCV  
  19  1:31  Refinery  
  20  1:40  SCV  
  21  1:59  Orbital Command  
  21  2:01  Reaper  
  22  2:12  Orbital Command  
  22  2:16  Supply Depot  
  22  2:24  Factory  
  22  2:27  SCV  
  23  2:33  Barracks Reactor  
  23  2:40  SCV x2  
  25  2:44  Bunker  
  25  2:52  SCV x2  
  27  3:04  SCV  
  28  3:06  Command Center  
  28  3:09  Hellion  
  28  3:10  Marine x2  
  31  3:14  Orbital Command  
  31  3:20  Starport  
  31  3:26  SCV  
  33  3:38  SCV  
  33  3:40  Hellion  
  35  3:42  Hellion, Barracks Tech Lab  
  35  3:43  SCV  
  38  3:50  SCV  
  38  3:55  SCV  
  40  3:58  Supply Depot  
  40  4:02  Hellion, SCV  
  43  4:04  Cloaking Field  
  43  4:05  Banshee  
  43  4:08  Barracks Tech Lab  
  46  4:18  SCV x2  
  46  4:19  Orbital Command  
  46  4:20  Hellion  
  46  4:23  Hellion  
  52  4:28  Stimpack, Marine  
  52  4:30  SCV x2  
  55  4:34  Supply Depot  
  55  4:41  Hellion  
  55  4:42  SCV x2  
  55  4:45  Hellion  
  61  4:47  SCV, Banshee  
  61  4:51  Orbital Command  
  61  4:52  Marine  
  65  4:54  SCV x2  
  65  4:57  Supply Depot  
  68  5:06  SCV x2  
  70  5:10  Barracks, Marine  
  70  5:11  Refinery  
  70  5:12  Barracks  
  70  5:13  Refinery  
  71  5:15  Factory Reactor  
  71  5:18  SCV  
  71  5:20  Engineering Bay  
  71  5:21  Engineering Bay, SCV  
  73  5:22  SCV  
  73  5:27  Supply Depot  
  73  5:28  Marine  
  74  5:31  SCV  
  74  5:33  Barracks  
  74  5:34  SCV, Barracks  
  77  5:35  SCV  
  77  5:41  Starport Reactor  
  78  5:43  SCV  
  78  5:44  Supply Depot  
  78  5:46  SCV  
  78  5:48  SCV  
  81  5:50  Terran Infantry Armor Level 1, Terran Infantry Weapons Level 1  
  81  5:55  SCV  
  82  5:58  SCV  
  82  6:01  SCV  
  80  6:12  Combat Shield  
  80  6:13  Siege Tank, Marine x3  
  80  6:14  SCV  
  80  6:17  SCV x2  
  89  6:19  Marine  
  89  6:20  Marine  
  89  6:24  Medivac x2  
  96  6:26  Barracks Reactor, SCV  
  96  6:27  Barracks Reactor  
  96  6:29  SCV x2  
  98  6:38  SCV  
  98  6:39  Marine  
  99  6:40  Supply Depot, Bunker, Marine  
  101  6:48  Supply Depot  
  101  6:51  Armory  
  101  6:52  Supply Depot  
  101  6:58  SCV x3, Marine x4  
  108  7:02  Siege Tank  
  108  7:04  Marine x3  
  108  7:05  Marine  
  115  7:09  Marine  
  115  7:10  SCV x3  
  115  7:15  Supply Depot  
  119  7:16  Marine x3  
  119  7:19  Supply Depot  
  119  7:20  Marine  
  119  7:22  SCV x3, Marine  
  127  7:23  Marine x2  
  127  7:24  Marine  
  127  7:26  Marine  
  131  7:33  Marine  
  131  7:34  SCV  
  131  7:36  Marine  
  134  7:42  Marine  
  134  7:43  Marine  
  136  7:45  Marine x3  
  136  7:46  Marine x2  
  136  7:51  Terran Infantry Armor Level 2, Terran Infantry Weapons Level 2, Siege Tank  
  142  7:52  Marine  
  142  7:54  Marine  
  143  8:00  Marine  
  143  8:01  Marine  
  143  8:03  Marine x4  
  149  8:06  Supply Depot  
  149  8:09  Supply Depot  
  149  8:12  Marine x3  
  149  8:18  Marine  
  149  8:19  Marine  
  146  8:20  Marine  
  146  8:21  Marine x2  
  149  8:28  Siege Tank, Marine  
  149  8:29  Medivac x2  
  149  8:30  Marine x3  
  149  8:31  Refinery  
  149  8:32  Refinery  
  160  8:35  Sensor Tower  
  160  8:36  Marine  
  160  8:37  Marine  
  160  8:38  Marine  
  160  8:39  Marine  
  160  8:41  Marine  
  165  8:48  Marine x2  
  165  8:49  Marine x2  
  165  8:53  Marine  
  165  8:54  Marine  
  162  8:56  Marine  
  162  8:57  Marine  
  162  8:59  Marine  
  165  9:04  Command Center  
  165  9:17  Terran Vehicle Weapons Level 1  
  165  9:18  Supply Depot  
  165  9:19  Supply Depot, Marine  
  165  9:20  Marine  
  165  9:21  Marine x2  
  165  9:22  Marine x3  
  165  9:23  Medivac  
  165  9:24  Medivac, Siege Tank  
  145  9:31  Marine x2  
  145  9:37  Marine  
  148  9:38  Marine x2  
  148  9:39  Marine x2  
  148  9:40  Marine x2  
  153  9:49  Factory, Marine x2  
  155  9:53  Supply Depot, Medivac  
  155  9:54  Medivac  
  155  9:55  Marine  
  155  9:56  Siege Tank, Marine x2  
  155  9:57  Marine x2  
  164  10:01  Marine x2  
  166  10:07  Marine  
  167  10:16  Barracks  
  167  10:17  Barracks  
  167  10:18  Barracks  
  167  10:19  Marine  
  167  10:20  Marine x3  
  163  10:23  Medivac  
  163  10:24  Medivac  
  163  10:26  Marine x5  
  161  10:28  Siege Tank  
  161  10:30  SCV  
  165  10:37  Terran Infantry Weapons Level 3, Terran Infantry Armor Level 3, Marine x2  
  165  10:42  SCV x3  
  170  10:53  Medivac  
  170  10:54  Medivac  
  174  11:00  Siege Tank  
  174  11:02  SCV  
  175  11:06  Barracks Tech Lab x2  
  175  11:07  Barracks Tech Lab  
  175  11:09  Command Center  
  175  11:15  Planetary Fortress  
  171  11:27  Refinery  
  171  11:30  Refinery  
  171  11:31  Sensor Tower, Marauder x3  
  171  11:32  Marauder, Siege Tank  
  182  11:35  Ghost Academy  
  182  11:36  Concussive Shells  
  182  11:37  Factory Tech Lab  
  176  11:53  Marauder x2  
  180  11:55  Medivac x2  
  184  12:05  Siege Tank  
  185  12:14  Ghost x3  
  177  12:16  Ghost  
  179  12:26  Command Center x2  
  179  12:35  Siege Tank  
  180  12:43  Siege Tank, Marine x2, Ghost x2  
  180  12:44  Marauder, Marine x5  
  190  12:45  Marauder  
  190  12:52  Marine  
  185  13:05  Marauder  
  184  13:07  Siege Tank  
  184  13:08  Missile Turret x2  
  187  13:13  Terran Vehicle Weapons Level 2  
  187  13:15  Siege Tank  
  187  13:18  Personal Cloaking  
  190  13:26  Missile Turret x2  
  188  13:39  Siege Tank  
  188  13:44  Orbital Command x2  
  188  13:46  Planetary Fortress  
  188  13:50  Siege Tank  
  188  13:54  Command Center, Marauder, Marine x4  
  188  13:55  Marauder x3  
  200  13:59  Refinery  
  200  14:00  Refinery  
  200  14:01  Missile Turret, Sensor Tower  
  196  14:27  Siege Tank, Marine  
  194  14:36  Marine  
  194  14:38  Siege Tank, Marine  
  178  14:40  Marine  
  178  14:42  Marine x8  
  178  14:45  Marine  
  168  14:52  Medivac x2  
  159  14:54  Marine  
  159  14:56  Marine  
  159  14:58  Marine  
  159  14:59  Siege Tank  
  165  15:00  Marauder, Marine x6  
  165  15:01  Marauder  
  165  15:03  Marine  
  176  15:10  Siege Tank  
  176  15:12  Marine  
  177  15:14  Marine  
  177  15:16  Marine  
  177  15:17  Marine  
  177  15:18  Marine x5  
  177  15:20  Marine  
  183  15:21  Marine  
  183  15:22  Medivac x2  
  183  15:24  Ghost  
  190  15:31  Siege Tank  
  192  15:35  Ghost  
  192  15:39  Ghost  
  192  15:41  Ghost  
  189  15:52  Ghost  
  187  16:03  Siege Tank  
  188  16:04  Ghost  
  188  16:07  Ghost  
  188  16:09  Ghost  
  188  16:10  Medivac  
  172  16:21  Ghost  
  172  16:24  Siege Tank  
  173  16:26  SCV x5  
  173  16:31  Command Center  
  176  16:32  Ghost  
  176  16:35  Sensor Tower  
  176  16:36  Ghost  
  176  16:38  SCV x3, Ghost  
  188  16:40  Siege Tank  
  188  16:49  Ghost  
  190  16:55  Orbital Command  
  190  17:01  Ghost  
  193  17:04  Ghost  
  180  17:14  Marine, Orbital Command, Siege Tank  
  170  17:19  Marauder, Marine x7  
  170  17:20  Marauder  
  178  17:30  Marauder  
  178  17:32  Marine  
  178  17:33  Marine  
  174  17:37  Siege Tank, Marine x5  
  173  17:47  Siege Tank  
  163  17:52  Marine  
  156  18:09  Siege Tank  
  156  18:11  SCV x5  
  162  18:23  SCV  
  162  18:24  Siege Tank, Marine  
  165  18:29  Marine  
  166  18:34  Marine  
  170  18:41  Siege Tank  
  170  18:45  Marine  
  170  18:47  SCV  
  172  18:51  SCV  
  172  18:53  Liberator  
  176  18:57  Liberator  
  173  19:06  Marine x2  
  173  19:08  Marine  
  173  19:09  Marine  
  160  19:10  Siege Tank  
  160  19:15  Marine  
  160  19:16  Marine  
  141  19:30  Marine x6  
  129  19:39  Marine  
  129  19:42  Siege Tank  
  129  19:45  Marine x2  
  100  20:08  Marine  
  100  20:09  Marauder  
  101  20:21  Marine  
  86  20:29  Orbital Command  
  77  20:46  Ghost  
  64  21:36  Orbital Command  
  50  21:46  Marine  
  50  21:47  Marauder x2  
  50  22:04  Marine  
  50  22:19  Widow Mine  
  52  22:24  Marine x2  
  52  22:27  Marine  
  55  22:32  Marine  
  55  22:34  Marine  
  57  22:39  Marine  
  57  22:40  Widow Mine  
  57  22:43  Marine  
  57  22:44  Marine x3  
  61  22:47  Marine  
  61  22:49  Marine  
  48  23:23  Orbital Command  
  43  23:58  Marine  
  43  24:02  Marine  
  45  24:04  Marine  
  46  24:10  Marine x3  
  49  24:17  Marine  
  49  24:19  Marine x2  
  49  24:23  Marine  
  53  24:29  Marine  
  54  24:51  Refinery  
  52  25:53  Refinery  
  52  25:54  SCV  
  53  26:06  SCV  
Tags
 
Add a new tag
Caveats
  • Supply blocks, unpowered buildings, or Contaminate may cause inaccurate times.
  • Supply counts are checked every 10 seconds.